 Dungeon Crawl Stone Soup version 0.23.2 (webtiles) character file.

Game seed: 5349449220530651021

113 AngleWyrm the Caller (level 4, -5/24 HPs)
             Began as a Deep Elf Summoner on Apr 21, 2019.
             Slain by Natasha (6 damage)
             ... on level 3 of the Dungeon.
             The game lasted 00:41:28 (3253 turns).

AngleWyrm the Caller (Deep Elf Summoner)            Turns: 3253, Time: 00:41:29

Health: -5/24      AC:  4    Str:  6    XL:     4   Next: 65%
Magic:  9/11       EV: 13    Int: 20    God:
Gold:   116        SH:  0    Dex: 15    Spells: 7/10 levels left

rFire    . . .     SeeInvis .   m - +2 short sword (venom)
rCold    . . .     Gourm    .   (no shield)
rNeg     . . .     Faith    .   q - +0 animal skin
rPois    +         Spirit   .   r - +0 helmet
rElec    .         Reflect  .   (no cloak)
rCorr    .         Harm     .   d - +0 pair of gloves
MR       .....     Rnd*Tele +   (no boots)
Stlth    ++........             (no amulet)
HPRegen  0.08/turn              h - ring of teleportation
MPRegen  0.12/turn              o - ring of poison resistance

@: slowed, very slow
A: no striking features
a: no special abilities


You were on level 3 of the Dungeon.
You were not hungry.

You visited 1 branch of the dungeon, and saw 3 of its levels.

You collected 116 gold pieces.

Inventory:

Hand Weapons
 e - a +1 dagger
 i - a +3 antimagic hand axe
 k - a +0 short sword
 m - a +2 short sword of venom (weapon)
Missiles
 f - 65 stones (quivered)
Armour
 a - a +1 robe
 d - a +0 pair of gloves (worn)
 l - a +0 ring mail
 n - a +0 leather armour
 q - a +0 animal skin (worn)
 r - a +0 helmet (worn)
Jewellery
 b - an uncursed ring of protection from fire
 h - a ring of teleportation (left hand)
 j - a +5 ring of intelligence
 o - a ring of poison resistance (right hand)
Potions
 p - a potion of agility {unknown}
 s - a potion of curing
Comestibles
 c - 4 rations
 g - 26 chunks of flesh


   Skills:
 + Level 0.2 Fighting
 * Level 2.1 Short Blades
 + Level 0.4 Armour
 + Level 3.2 Dodging
 + Level 2.6 Stealth
 + Level 3.9 Spellcasting
 + Level 5.1 Summonings


You had 7 spell levels left.
You knew the following spells:

 Your Spells              Type           Power        Failure   Level  Hunger
a - Summon Small Mammal   Summ           ###.         1%          1    None
b - Call Imp              Summ           ###.....     2%          2    ##.....

Your spell library contained the following spells:

 Spells                   Type           Power        Failure   Level  Hunger
 Call Canine Familiar     Summ           ###.....     4%          3    ###....
 Summon Guardian Golem    Hex/Summ       ##......     14%         3    ###....
 Summon Ice Beast         Ice/Summ       ##......     41%         4    ####...
 Summon Lightning Spire   Summ/Air       ##......     41%         4    ####...


Dungeon Overview and Level Annotations

Branches:
Dungeon (3/15)

Altars:
Fedhas
Gozag
Qazlal

Annotations:
D:3 Natasha


Message History

The magic dart hits you.
* * * LOW HITPOINT WARNING * * *
You see here a scroll labeled GYSHE HORO.
Casting: Call Imp (safe; 2% risk of failure)
Confirm with . or Enter, or press ? or * to list all spells.
A metallic apparition takes form in the air.
Natasha closely misses you. What are your orders? t - Shout!
Orders for allies: a - Attack new target. r - Retreat! s - Stop attacking. g - Guard the area. f - Follow me.
Anything else - Cancel.
Gang up on whom?
Press: ? - help, Dir - move target cursor, f - giant cockroach
Aim: a giant cockroach (resting) Attack!
Natasha claws you.
* * * LOW HITPOINT WARNING * * *
Natasha claws you.
You die...

#############
##.....#.....?
##.............
#..............
#.......<......
#..............
#.....รท........
#.....h@.......
#...........s>.
##......5......
##.....#.....#
#############


You could see Natasha, a giant cockroach (sleeping) and a friendly iron imp.

Vanquished Creatures
  Terence (D:3)
  Robin (D:3)
  An adder (D:2)
  2 oozes
  A worm (D:2)
  A dart slug (D:3)
  2 giant cockroaches (D:1)
  4 goblins (D:3)
  9 hobgoblins
  A quokka (D:2)
  A ball python (D:1)
  A bat (D:2)
  A frilled lizard (D:3)
  3 kobolds
  4 rats
33 creatures vanquished.

Vanquished Creatures (collateral kills)
  An adder (D:3)
  A leopard gecko (D:1)
  4 bats
  2 giant cockroaches (D:1)
  3 goblins
  4 hobgoblins
  A quokka (D:2)
  6 kobolds
  6 rats
28 creatures vanquished.

Vanquished Creatures (others)
  A goblin (D:3)
1 creature vanquished.

Grand Total: 62 creatures vanquished

Notes
Turn   | Place    | Note
-------+----------+-------------------------------------------
     0 | D:1      | AngleWyrm the Deep Elf Summoner began the quest for the
                  | Orb.
     0 | D:1      | Reached XP level 1. HP: 10/10 MP: 6/6
   673 | D:1      | Reached XP level 2. HP: 10/15 MP: 6/8
   677 | D:1      | Learned a level 2 spell: Call Imp
  1786 | D:2      | Found an opulent altar of Gozag.
  2320 | D:2      | Reached XP level 3. HP: 19/19 MP: 6/9
  2537 | D:2      | Reached skill level 1 in Short Blades
  3004 | D:3      | Noticed Robin
  3006 | D:3      | Noticed Terence
  3025 | D:3      | Reached skill level 5 in Summonings
  3035 | D:3      | Found a blossoming altar of Fedhas.
  3086 | D:3      | Reached XP level 4. HP: 10/24 MP: 1/11
  3110 | D:3      | Killed Terence
  3118 | D:3      | Killed Robin
  3238 | D:3      | Found a stormy altar of Qazlal.
  3242 | D:3      | Noticed Natasha
  3253 | D:3      | HP: 1/24 [Natasha (5)]
  3253 | D:3      | Slain by Natasha

Skill      XL: |  1  2  3  4 |
---------------+-------------+-----
Short Blades   | 1 2 |  2.1
Summonings     | 5 |  5.1
Dodging        | 3 |  3.2
Fighting       | |  0.2
Armour         | |  0.4
Stealth        | |  2.6
Spellcasting   | |  3.9

Action                   |  1- 3 |  4- 6 || total
-------------------------+-------+-------++-------
Melee: Unarmed           |    15 |       ||    15
       Dagger            |    44 |       ||    44
       Short sword       |    44 |    28 ||    72
Throw: Stone             |     4 |       ||     4
 Cast: Summon Small Mamm |    38 |     2 ||    40
       Call Imp          |    14 |     2 ||    16
  Use: Scroll            |     7 |       ||     7
       Potion            |     2 |     2 ||     4
 Stab: Distracted        |     2 |       ||     2
       Sleeping          |     4 |       ||     4
  Eat: Chunk             |     3 |     1 ||     4
       Ration            |     1 |       ||     1
Armor: Robe              |    19 |       ||    19
       Ring mail         |    12 |     3 ||    15
       Animal skin       |       |     3 ||     3
Dodge: Dodged            |    86 |    17 ||   103
